Map: Orbital Shipyard

Players

LilDicky - Winner!

  • Race: Terran Terran
  • League: Diamond

apple

  • Race: Protoss Protoss

VOD

http://www.twitch.tv/tumescentpie

Description

Time

  • Played on: Dec. 1, 2015, 7:58 p.m.
  • Length: 3:56
Show
View Real Time Build Order
Export as new Build Order

LilDicky Terran - Winner!

Build Orders:  

Get SALT Encoding   

  12  0:01  SCV  
  13  0:14  SCV  
  14  0:19  Supply Depot  
  14  0:26  SCV  
  15  0:32  Refinery  
  15  0:41  SCV  
  16  0:47  Barracks  
  16  0:53  SCV  
  17  1:07  SCV  
  18  1:19  SCV  
  19  1:31  SCV  
  20  1:36  Factory  
  20  1:38  Marine  
  21  1:42  Supply Depot  
  21  1:45  Orbital Command  
  21  1:56  Marine  
  22  2:07  Barracks  
  22  2:10  Barracks  
  22  2:19  Barracks Reactor  
  22  2:22  SCV  
  23  2:28  Refinery  
  23  2:38  Widow Mine  
  23  2:41  SCV  
  26  2:58  SCV  
  26  2:59  Barracks Tech Lab  
  26  3:00  Barracks Tech Lab  
  26  3:03  Supply Depot  
  26  3:07  Widow Mine  
  26  3:10  SCV  
  31  3:21  Marine x2  
  31  3:24  Marine x2  
  31  3:25  SCV  
  34  3:37  SCV  
  34  3:39  Supply Depot  
Show
View Real Time Build Order
Export as new Build Order

apple Protoss 

Build Orders: 1 Gate Expand 

Get SALT Encoding   

  12  0:01  Probe (Chrono Boost)  
  13  0:11  Probe (Chrono Boost)  
  14  0:18  Pylon  
  14  0:22  Probe (Chrono Boost)  
  15  0:36  Probe (Chrono Boost)  
  15  0:37  Gateway  
  16  0:47  Probe (Chrono Boost)  
  16  0:49  Assimilator  
  17  0:57  Probe (Chrono Boost)  
  18  1:08  Probe (Chrono Boost)  
  19  1:20  Probe (Chrono Boost)  
  20  1:27  Nexus  
  20  1:35  Cybernetics Core  
  20  1:38  Probe (Chrono Boost)  
  21  1:46  Pylon  
  21  1:49  Assimilator  
  21  1:52  Probe (Chrono Boost)  
  22  2:03  Probe (Chrono Boost)  
  23  2:12  Adept  
  27  2:15  Mothership Core (Chrono Boost)  
  27  2:34  Probe (Chrono Boost)  
  28  2:39  Adept  
  30  2:46  Probe (Chrono Boost)  
  31  2:58  Probe (Chrono Boost)  
  32  3:04  Robotics Facility  
  32  3:07  Adept  
  32  3:09  Pylon  
  30  3:28  Forge  
  32  3:37  Probe (Chrono Boost)  
Tags
 
Add a new tag
Caveats
  • Supply blocks, unpowered buildings, or Contaminate may cause inaccurate times.
  • Supply counts are checked every 10 seconds.